 Dungeon Crawl Stone Soup version 0.22.1-1-ga44c0e56f4 (webtiles) character file.

48 Flugkiller the Digger (level 4, -1/35 HPs)
             Began as a Human Wanderer on Oct 5, 2018.
             Slain by Natasha (4 damage)
             ... on level 1 of the Dungeon.
             The game lasted 00:05:33 (1780 turns).

Flugkiller the Digger (Human Wanderer)              Turns: 1780, Time: 00:05:34

Health: -1/35      AC:  6    Str: 15    XL:     4   Next: 0%
Magic:  5/5        EV: 10    Int: 13    God:
Gold:   51         SH:  0    Dex: 10    Spells: 5/5 levels left

rFire    . . .     SeeInvis .   g - +0 short sword
rCold    . . .     Gourm    .   (no shield)
rNeg     . . .     Faith    .   c - +0 ring mail
rPois    .         Spirit   .   (no helmet)
rElec    .         Reflect  .   (no cloak)
rCorr    .         Harm     .   a - +0 pair of gloves
MR       .....                  (no boots)
Stlth    ..........             (no amulet)
HPRegen  0.11/turn              (no ring)
MPRegen  0.09/turn              (no ring)

@: slowed, very slow
A: no striking features
a: no special abilities


You were on level 1 of the Dungeon.
You were not hungry.

You visited 1 branch of the dungeon, and saw 2 of its levels.

You collected 51 gold pieces.

Inventory:

Hand Weapons
 b - a +2 blowgun
 g - a +0 short sword (weapon)
Missiles
 h - 7 stones (quivered)
 k - 25 sling bullets
Armour
 a - a +0 pair of gloves (worn)
 c - a +0 ring mail (worn)
Jewellery
 l - an uncursed amulet of faith {unknown}
Scrolls
 d - 2 scrolls of teleportation {unknown}
 e - 4 scrolls of enchant weapon {unknown}
 j - 2 scrolls of identify {unknown}
Comestibles
 f - a ration


   Skills:
 + Level 3.0 Fighting
 + Level 0.5 Short Blades
   Level 1.0 Crossbows
 - Level 1.0 Throwing
 + Level 2.0 Armour
 - Level 1.0 Spellcasting
   Level 1.0 Conjurations
   Level 3.0 Earth Magic
   Level 1.0 Evocations


You had 5 spell levels left.
You didn't know any spells.
Your spell library contained the following spells:

 Spells                   Type           Power        Failure   Level  Hunger
 Searing Ray              Conj           #.....       47%         2    ###....
 Throw Frost              Conj/Ice       #.....       54%         2    ###....


Dungeon Overview and Level Annotations

Branches:
Dungeon (2/15)

Altars:

Annotations:
D:1 exclusion: 2 downstairs, Natasha


Message History

Natasha closely misses you.
You closely miss Natasha.
Natasha is moderately wounded.
Natasha mumbles some strange words.
Natasha claws you but does no damage.
You barely miss Natasha.
Natasha is moderately wounded.
Natasha closely misses you.
The crimson imp hits you but does no damage.
Natasha closely misses you.
You barely miss Natasha.
Natasha is moderately wounded.
The crimson imp blinks!
Natasha claws you.
* * * LOW HITPOINT WARNING * * *
You hit Natasha.
Natasha is heavily wounded.
Natasha mumbles some strange words.
You feel disoriented. Natasha claws you but does no damage. Natasha claws you.
You die...

###### #.......# #
#.......# ##
##.......#
.###########.......##
.).)................#
...##########.......#
...# ###.......# ...#
#.....5..## ...#
#.###h@..#
...########.######(#
.#.#####.....#####.#
...#...#.....#...#.#
#..#.8.#.....#.8.#.#
...#...#.....#...#.#
##.#####.....#######
#.........[......#
##...............#


You could see Natasha and a crimson imp.

Vanquished Creatures
  2 dart slugs (D:1)
  2 leopard geckos (D:1)
  2 giant cockroaches (D:1)
  6 goblins (D:1)
  5 hobgoblins (D:1)
  A jackal (D:1)
  5 kobolds (D:1)
  7 bats (D:1)
  2 frilled lizards (D:1)
  7 rats (D:1)
39 creatures vanquished.

Notes
Turn   | Place    | Note
-------+----------+-------------------------------------------
     0 | D:1      | Flugkiller the Human Wanderer began the quest for the Orb.
     0 | D:1      | Flugkiller set off with: 2 curare-tipped needles, a +2
                  | blowgun, a +0 ring mail, a ration
     0 | D:1      | Reached XP level 1. HP: 16/16 MP: 2/2
   532 | D:1      | Reached skill level 1 in Armour
   532 | D:1      | Reached XP level 2. HP: 15/23 MP: 3/3
   898 | D:1      | Reached XP level 3. HP: 23/28 MP: 4/4
  1445 | D:1      | Reached XP level 4. HP: 34/35 MP: 5/5
  1554 | D:2      | Noticed Natasha
  1780 | D:1      | Slain by Natasha

Skill      XL: |  1  2  3 |
---------------+----------+-----
Armour         | 1 2 |  2.0
Fighting       | 3 |  3.0
Short Blades   | |  0.5
Crossbows      | |  1.0
Throwing       | |  1.0
Spellcasting   | |  1.0
Conjurations   | |  1.0
Earth Magic    | |  3.0
Evocations     | |  1.0

Action                   |  1- 3 |  4- 6 || total
-------------------------+-------+-------++-------
Melee: Unarmed           |    39 |       ||    39
       Club              |    54 |       ||    54
       Short sword       |    88 |    13 ||   101
 Fire: Blowgun           |     2 |     1 ||     3
Throw: Stone             |       |     1 ||     1
  Eat: Chunk             |     2 |     1 ||     3
Armor: Ring mail         |    92 |     5 ||    97
Dodge: Dodged            |   117 |     4 ||   121
